 Dungeon Crawl Stone Soup version 0.29.1-1-gd02db6906a (webtiles) character file.

Game seed: 1286922720456918635

133 raistware the Conjurer (level 5, -1/31 HPs)
             Began as an Octopode Conjurer on Oct 19, 2022.
             Slain by a goblin
             ... wielding a +0 club
             ... led by Robin
              (5 damage)
             ... on level 3 of the Dungeon.
             The game lasted 00:06:58 (2650 turns).

raistware the Conjurer (Octopode Conjurer)          Turns: 2650, Time: 00:06:59

Health: -1/31      AC:  1    Str:  7    XL:     5   Next: 16%
Magic:  3/10       EV: 13    Int: 28    God:
Gold:   127        SH:  0    Dex: 10    Spells: 5/11 levels left

rFire   . . .      SeeInvis .   (no weapon)
rCold   . . .      Faith    .   (no shield)
rNeg    . . .      Spirit   .   (helmet restricted)
rPois   .          Reflect  .   (no amulet)
rElec   .          Harm     .   k - +6 ring of intelligence
rCorr   .          Rampage  .   (no ring)
Will    .....                   (no ring)
Stlth   +++.......              (no ring)
HPRegen 0.10/turn               (no ring)
MPRegen 0.12/turn               (no ring)
                                (no ring)
                                (no ring)

@: lethally poisoned (-1 -> -13), about to teleport
A: almost no armour, amphibious, 8 rings, camouflage 1, gelatinous body 1,
(nimble swimmer 1), tentacles
a: no special abilities


You were on level 3 of the Dungeon.
You visited 1 branch of the dungeon, and saw 3 of its levels.

You collected 127 gold pieces.

Inventory:

Jewellery
 k - a +6 ring of intelligence (left tentacle)
Scrolls
 b - a scroll of fear {unknown}
 c - a scroll of noise {unknown}
 d - a scroll of teleportation
 f - a scroll of magic mapping {unknown}
 h - 2 scrolls of identify {unknown}
Potions
 e - 2 potions of curing {unknown}
 g - a potion of invisibility {unknown}
 i - 2 potions of heal wounds {unknown}
 j - a potion of attraction {unknown}
 l - a potion of brilliance {unknown}
 m - a potion of lignification {unknown}


   Skills:
 - Level 2.0 Dodging
 - Level 2.6 Stealth
 + Level 3.8 Spellcasting
 + Level 4.5 Conjurations
 - Level 2.0 Translocations


You had 5 spell levels left.
You knew the following spells:

 Your Spells              Type           Power      Damage    Failure   Level
a - Magic Dart            Conj           100%       1d8       1%          1
b - Iskenderun's Mystic   Conj/Tloc      23%        2d6       21%         4
z - Apportation           Tloc           32%        N/A       3%          1

Your spell library contained the following spells:

 Spells                   Type           Power      Damage    Failure   Level
 Searing Ray              Conj           60%        2d6       1%          2
 Necrotise                Necr           20%        1d5       8%          1
 Summon Small Mammal      Summ           20%        N/A       8%          1
 Dazzling Flash           Conj/Hex       36%        N/A       9%          3
 Mephitic Cloud           Conj/Pois/Air  13%        N/A       12%         3
 Ignite Poison            Fire/Tmut/Pois 5%         N/A       22%         3
 Fulminant Prism          Conj/Hex       9%         3d7       30%         4
 Freezing Cloud           Conj/Ice/Air   6%         6-21      75%         5


Dungeon Overview and Level Annotations

Branches:
Dungeon (3/15)

Altars:

Annotations:
D:2 Sigmund
D:3 1 runed translucent door, Robin; t4s4d4r's ghost, amateur OpTm


Innate Abilities, Weirdness & Mutations

You cannot wear most types of armour.
You are amphibious.
You can wear up to eight rings at the same time.
Your skin changes colour to match your surroundings (Stealth+).
Your rubbery body absorbs attacks. (AC +1, EV +1)
((You are camouflaged when in or above water. (Stealth+)))
You have tentacles for arms and can constrict up to eight enemies at once.


Message History

Press: ? - help, Shift-Dir - straight line, f/p - hobgoblin
Aim: a hobgoblin (strong, 100% to hit)
The magic dart hits the hobgoblin.
The hobgoblin is lightly wounded.
The goblin shouts!
The hobgoblin misses you.
Robin hits you from afar with a +2 spear of venom.
You are poisoned.
Casting: Magic Dart (safe; 1% risk of failure)
Confirm with . or Enter, or press ? or * to list all spells.
Aiming: Magic Dart (safe; 1% risk of failure)
Press: ? - help, Shift-Dir - straight line, f/p - hobgoblin
Aim: a hobgoblin (lightly wounded, strong, 100% to hit)
The magic dart hits the hobgoblin but does no damage.
The hobgoblin is lightly wounded.
You feel sick. Robin barely misses you. The hobgoblin closely misses you.
You closely miss the hobgoblin. You grab the hobgoblin.
You squeeze the hobgoblin.
The hobgoblin is moderately wounded.
You constrict the hobgoblin.
You feel sick. Robin misses you. The hobgoblin hits you.
You barely miss the hobgoblin.
The hobgoblin is heavily wounded.
You constrict the hobgoblin.
You feel sick. Robin throws the goblin at you!
The hobgoblin completely misses you.
Casting: Magic Dart (safe; 1% risk of failure)
Confirm with . or Enter, or press ? or * to list all spells.
You don't have enough magic to cast this spell.
Casting: Magic Dart (safe; 1% risk of failure)
Confirm with . or Enter, or press ? or * to list all spells.
You don't have enough magic to cast this spell.
Unknown command.
Okay, then.
As you read the scroll of teleportation, it crumbles to dust.
You feel strangely unstable.
You constrict the hobgoblin.
You feel sick.
Robin hits you from afar with a +2 spear of venom!
* * * LOW HITPOINT WARNING * * *
You are lethally poisoned!
The goblin hits you with a +0 club.
You die...

#..)...#~~~#
#.#.####~~~#
#.#.# ~~B#
#.#)# W~~#
#)#.# ~)~#
#.#.# .
#.#.# ...
#g#.# ###.
#@#.# .†..
#g#.# ####
#g#)# #)#)#
#.#.# #.#)#
#...# #.###
#.#


You could see Robin, a hobgoblin (strong) and a goblin (strong).

Vanquished Creatures
  An iguana (D:2)
  A gnoll (D:3)
  4 adders (D:2)
  A worm (D:2)
  A dart slug (D:1)
  3 orcs (D:3)
  4 giant cockroaches
  12 goblins
  6 hobgoblins
  A quokka (D:2)
  5 ball pythons
  2 bats (D:1)
  2 frilled lizards (D:2)
  5 kobolds
  5 rats
53 creatures vanquished.

Vanquished Creatures (others)
  A goblin (D:3)
1 creature vanquished.

Grand Total: 54 creatures vanquished

Notes
Turn   | Place    | Note
-------+----------+-------------------------------------------
     0 | D:1      | raistware the Octopode Conjurer began the quest for the
                  | Orb.
     0 | D:1      | Reached XP level 1. HP: 11/11 MP: 3/3
    94 | D:1      | Learned a level 1 spell: Apportation
   385 | D:1      | Found a faded altar of an unknown god.
   390 | D:1      | Reached skill level 1 in Translocations
   390 | D:1      | Reached XP level 2. HP: 17/17 MP: 0/5
  1078 | D:2      | Reached XP level 3. HP: 21/21 MP: 4/7
  1130 | D:2      | Noticed Sigmund
  1586 | D:2      | Reached XP level 4. HP: 23/27 MP: 1/8
  1591 | D:2      | Learned a level 4 spell: Iskenderun's Mystic Blast
  2311 | D:3      | Noticed Robin
  2348 | D:3      | Reached XP level 5. HP: 13/31 MP: 8/10
  2595 | D:3      | Found a runed translucent door.
  2596 | D:3      | Noticed t4s4d4r's ghost (amateur OpTm)
  2650 | D:3      | Slain by a goblin

Illustrated notes

Levels and vault maps discovered:
D:1:      dpeg_arrival_concentric_ovals, layout_rooms, basic_ecumenical_altar,
          st_stairs_11, minmay_box_of_dots
D:2:      layout_loops_cross, corner_web_ring, minmay_ruptured, uniq_sigmund
D:3:      layout_rooms, ebering_ghost_sewer_f, uniq_robin

Skill      XL: |  1  2  3 |
---------------+----------+-----
Translocations | 1 2 |  2.0
Spellcasting   | 3 |  3.8
Dodging        | |  2.0
Stealth        | |  2.6
Conjurations   | |  4.5

Action                   |  1- 3 |  4- 6 || total
-------------------------+-------+-------++-------
Melee: Unarmed           |    13 |     8 ||    21
       Constrict         |     3 |     2 ||     5
       Tentacles         |     3 |     2 ||     5
 Cast: Magic Dart        |    62 |    40 ||   102
       Iskenderun's Myst |       |     2 ||     2
  Use: Scroll            |       |     2 ||     2
       Potion            |       |     1 ||     1
Armor: Skin              |     4 |     1 ||     5
Dodge: Dodged            |    19 |    20 ||    39
